 Dungeon Crawl Stone Soup version 0.31-a0-664-g902f515a81 (webtiles) character file.

Game seed: 1842520487483131479

40950 arthad the Grappler (level 13, -5/133 HPs)
             Began as a Troll Shapeshifter on Sept 2, 2023.
             Was the Champion of Okawaru.
             Slain by a sixfirhy (11 damage)
             ... on level 3 of the Abyss.
             The game lasted 00:32:33 (12357 turns).

arthad the Grappler (Troll Shapeshifter)           Turns: 12357, Time: 00:32:34

Health: -5/133     AC: 10    Str: 29    XL:     13   Next: 77%
Magic:  14/15      EV: 17    Int:  6    God:    Okawaru [******]
Gold:   359        SH:  0    Dex:  7    Spells: 12/12 levels left

rFire   . .          .
                       - Unarmed
rCold   . . .        (no shield)
rNeg    . . .        b - +1 acid dragon scales
rPois   +            (helmet currently unavailable)
rElec   .            (cloak currently unavailable)
rCorr   +            (gloves unavailable)
SInv    .            (boots unavailable)
Will    .....        S - amulet of the acrobat
Stlth   ++++         o - ring of poison resistance
HPRegen 1.22/turn    K - +5 ring of evasion
MPRegen 0.14/turn

%: acrobat
@: about to teleport, beast-form, heroic
A: beast (slay +4), large, unfitting armour, claws 3, regeneration 1, shaggy fur
1, tough skin 1, clumsy 1, screaming 1
a: Begin Untransformation, Renounce Religion, Heroism, Finesse, Duel


You were on level 3 of the Abyss.
You worshipped Okawaru.
Okawaru was exalted by your worship.
You were a hulking beast.
You visited 2 branches of the dungeon, and saw 15 of its levels.
You visited the Abyss 1 time.
You also visited: Sewer, Ossuary and Bailey.

You collected 1116 gold pieces.
You spent 757 gold pieces at shops.

Inventory:

Hand Weapons
 a - a +5 broad axe of distortion
 G - a +2 heavy flail
 O - the +7 spear "Uffam" {drain, rC- rN+ Dex+6}
   (You found it on level 10 of the Dungeon)

   Dex+6:     It affects your dexterity (+6).
   rC-:       It makes you vulnerable to cold.
   rN+:       It protects you from negative energy.
Missiles
 f - 22 poisoned darts
 t - a boomerang
 H - 2 atropa-tipped darts
 J - a curare-tipped dart
 X - 10 large rocks (quivered)
Armour
 b - +1 acid dragon scales (worn)
 n - the +1 helmet of the Fiddle {rN+}
   (You took it off Robin on level 3 of the Dungeon)

   rN+:       It protects you from negative energy.
 r - a +1 robe of willpower
 E - +0 steam dragon scales
 Q - +0 ice dragon scales
 R - a +0 troll leather armour
 T - the scarf of Pathos {shadows, *Corrode rElec Str+6}
   (Okawaru gifted it to you on level 11 of the Dungeon)

   Str+6:     It affects your strength (+6).
   rElec:     It insulates you from electricity.
   *Corrode:  It may corrode you when you take damage.
 U - the +2 robe of the Catamount {Harm rElec MP+9 Dex-5}
   (You bought it in a shop on level 12 of the Dungeon)

   Dex-5:     It affects your dexterity (-5).
   rElec:     It insulates you from electricity.
   MP+9:      It affects your magic capacity (+9).
   Harm:      It increases damage dealt and taken.
 V - the scarf of Honour {harm, rF+ Str+8 Int-2 Stlth+}
   (You bought it in a shop on level 12 of the Dungeon)

   Str+8:     It affects your strength (+8).
   Int-2:     It affects your intelligence (-2).
   rF+:       It protects you from fire.
   Stlth+:    It makes you more stealthy.
 W - the +3 robe of Lilacs {rC+ Int+3 Dex-5 Stlth+}
   (You found it on level 12 of the Dungeon)

   Int+3:     It affects your intelligence (+3).
   Dex-5:     It affects your dexterity (-5).
   rC+:       It protects you from cold.
   Stlth+:    It makes you more stealthy.
 Z - the +0 robe "Hej Ilye" {rPois}
   (Okawaru gifted it to you on level 3 of the Abyss)

   rPois:     It protects you from poison
Jewellery
 o - a ring of poison resistance (left claw)
 w - a ring of fire
 C - a ring of fire
 K - a +5 ring of evasion (right claw)
 S - an amulet of the acrobat (around neck)
Talismans
 c - a beast talisman (active)
 d - a flux talisman
 e - a maw talisman
 x - a serpent talisman
Wands
 v - a wand of flame (30)
 N - a wand of paralysis (6)
 Y - a wand of digging (5)
Scrolls
 g - 2 scrolls of poison
 h - 2 scrolls of teleportation
 i - 8 scrolls of enchant armour
 j - 2 scrolls of noise
 k - 4 scrolls of blinking
 m - 7 scrolls of fear
 s - a scroll of vulnerability
 y - 3 scrolls of revelation
 F - 3 scrolls of amnesia
 M - 7 scrolls of enchant weapon
 P - 3 scrolls of identify
Potions
 l - 3 potions of mutation
 q - 3 potions of haste
 u - 2 potions of cancellation
 z - 9 potions of curing
 A - 2 potions of degeneration
 B - 2 potions of brilliance
 D - 3 potions of lignification
 I - a potion of might
 L - 4 potions of magic


   Skills:
 * Level 9.8(14.8) Fighting
 + Level 3.1(8.1) Throwing
 - Level 1.9(6.9) Armour
 + Level 7.2(12.2) Dodging
 + Level 5.0(10.0) Stealth
 * Level 12.0(17.0) Unarmed Combat
 + Level 4.2 Invocations
 * Level 11.2 Shapeshifting


You had 12 spell levels left.
You didn't know any spells.
Your spell library contained the following spells:

 Spells                   Type           Power      Damage    Failure   Level
 Magic Dart               Conj           0%         1d3       50%         1
 Sandblast                Erth           0%         2d4       50%         1
 Slow                     Hex            0%         N/A       50%         1
 Lesser Beckoning         Tloc           0%         N/A       65%         2
 Passwall                 Tmut/Erth      0%         N/A       65%         2
 Scorch                   Fire           0%         2d5       65%         2
 Confusing Touch          Hex            0%         N/A       86%         3
 Gell's Gravitas          Tloc           0%         N/A       86%         3
 Ignite Poison            Fire/Tmut/Pois 0%         N/A       86%         3
 Inner Flame              Hex/Fire       0%         N/A       86%         3
 Mephitic Cloud           Conj/Pois/Air  0%         N/A       86%         3
 Stone Arrow              Conj/Erth      0%         3d7       86%         3
 Teleport Other           Tloc           0%         N/A       86%         3
 Vampiric Draining        Necr           0%         2d6       86%         3
 Flame Wave               Conj/Fire      0%         2d4       99%         4
 Sticky Flame             Conj/Fire      0%         2d3       99%         4
 Borgnjor's Vile Clutch   Necr/Erth      0%         N/A       100%        5
 Yara's Violent Unravell  Hex/Tmut       0%         3d3       100%        5
 Enfeeble                 Hex            0%         N/A       100%        7
 Ignition                 Fire           0%         3d3       100%        8
 Summon Small Mammal      Summ           Unusable   N/A       N/A         1
 Call Imp                 Summ           Unusable   N/A       N/A         2
 Call Canine Familiar     Summ           Unusable   N/A       N/A         3
 Summon Guardian Golem    Hex/Summ       Unusable   N/A       N/A         3
 Summon Cactus Giant      Summ           Unusable   N/A       N/A         6

Dungeon Overview and Level Annotations

Branches:
Dungeon (14/15)            Temple (1/1) D:5            Lair (0/5) D:8
    Orc (0/2) D:11         Vaults (0/5) D:13          Sewer (visited)
Ossuary (visited)          Bailey (visited)

Altars:
Ashenzari
Cheibriados
Dithmenos
Elyvilon
Fedhas
Gozag
Hepliaklqana
Kikubaaqudgha
Makhleb
Nemelex Xobeh
Okawaru
Qazlal
Ru
Sif Muna
Trog
Uskayaw
Vehumet
Wu Jian
Xom
Yredelemnul
Zin
The Shining One

Shops:
D:6 :   D:9 !   D:12 [   D:13 *

Annotations:
D:8 2 transporters


Innate Abilities, Weirdness & Mutations

You are a hulking beast.
Your limbs bulge with bestial killing power. (Slay +4)
You are too large for most types of armour.
You have claws for hands.
Your natural rate of healing is unusually fast.
You are covered in fur. (AC +1)
You have tough skin. (AC +1)
You are clumsy. (Dex -2)
You occasionally shout uncontrollably at your foes.


Message History

The tentacled starspawn misses you.
The tentacled starspawn tentacle-slaps you!
* * * LOW HITPOINT WARNING * * *
A starspawn tentacle comes into view.
You mangle the tentacled starspawn!!
The tentacled starspawn is heavily damaged.
The starspawn tentacle grabs you. The starspawn tentacle constricts you.
You escape the starspawn tentacle's grasp.
You eviscerate the tentacled starspawn!!!
The tentacled starspawn is almost destroyed.
You hear a shout!
A sixfirhy comes into view.
You scratch the tentacled starspawn but do no damage.
The tentacled starspawn is almost destroyed.
The tentacled starspawn bites you but does no damage.
The tentacled starspawn closely misses you.
You eviscerate the tentacled starspawn!!!
You destroy the tentacled starspawn!
Okawaru accepts your kill.
The starspawn's tentacles wither and die.
Items here: )) [[[[ †.
You claw the sixfirhy!
The sixfirhy is moderately wounded.
The sixfirhy barely misses you. The sixfirhy hits you.
* * * LOW HITPOINT WARNING * * *
The sixfirhy shocks you!
* * * LOW HITPOINT WARNING * * *
You barely miss the sixfirhy.
The sixfirhy is moderately wounded.
The sixfirhy hits you.
* * * LOW HITPOINT WARNING * * *
The sixfirhy shocks you!
* * * LOW HITPOINT WARNING * * *
The sixfirhy misses you.
You barely miss the sixfirhy.
The sixfirhy is moderately wounded.
The sixfirhy hits you.
* * * LOW HITPOINT WARNING * * *
The sixfirhy shocks you!
You die...

.# ..#.
##... .
....#.
.##.#....
###....#.#
##...#...#
#.#3)...#
###h#.....#
. ##..# . .
# ##...# .
###. #
#.###. . .
. #####.
#.# #.. .
.# # .. #
.. #. . . .
# . .. . .
.#. # . # #


You could see a sixfirhy.

Vanquished Creatures
  A tentacled starspawn (Abyss:3)
  A yaktaur captain (D:13)
  A quicksilver dragon skeleton (Abyss:3)
  A centaur warrior (D:13)
  2 two-headed ogres (D:12)
  A tengu warrior (D:11)
  2 hell knights (Abyss:3)
  A wretched star (Abyss:3)
  8 skeletal warriors
  3 large abominations (Abyss:3)
  2 orc knights (Bailey)
  2 necromancers (Abyss:3)
  A shining eye (Abyss:3)
  A salamander (shapeshifter) (D:13)
  An oklob plant (D:8)
  2 cyclopes
  2 manticores
  An ugly thing (D:14)
  A gargoyle (D:12)
  Joseph (D:9)
  3 unseen horrors
  2 yaktaurs (D:13)
  A komodo dragon (D:8)
  An ancient zyme (Abyss:3)
  A tengu conjurer (D:11)
  A harpy zombie (Abyss:3)
  4 trolls
  Prince Ribbit (D:9)
  3 hornets
  A raiju (Abyss:3)
  A spriggan (shapeshifter) (Abyss:3)
  2 shadows (D:11)
  4 slime creatures (D:12)
  A wyvern (D:10)
  3 wraiths
  A ynoxinul (Abyss:3)
  4 yaks
  2 chaos spawn (Abyss:3)
  A small abomination (Abyss:3)
  A neqoxec (Abyss:3)
  3 steam dragons
  2 vampire mosquitoes (D:11)
  Menkaure (D:6)
  Edmund (D:6)
  4 acid dragons
  5 water moccasins
  5 orc warriors (Bailey)
  4 black bears (D:8)
  2 sky beasts (D:7)
  2 hornet zombies (Ossuary)
  Pargi (Sewer)
  2 ice beasts (D:7)
  3 boggarts
  4 centaurs
  2 phantoms (D:11)
  3 kobold brigands
  4 bullfrogs
  4 scorpions
  2 gnoll sergeants (D:13)
  A wyvern zombie (Ossuary)
  A water moccasin zombie (Ossuary)
  An earth elemental (D:13)
  A troll zombie (D:11)
  9 wights (D:9)
  An oklob sapling (D:8)
  17 killer bees
  4 howler monkeys
  4 electric eels (D:12)
  6 centaur zombies (Ossuary)
  4 bullfrog zombies (Ossuary)
  A hound (D:8)
  2 gnoll boudas
  A jelly (D:5)
  2 orc priests (D:11)
  An iron imp (Abyss:3)
  Jessica (D:3)
  A sleepcap (D:5)
  4 iguanas
  Natasha (twice) (D:3)
  8 orc wizards
  4 killer bee zombies (Ossuary)
  5 ogre zombies (D:11)
  10 mummies (Ossuary)
  3 howler monkey zombies (Ossuary)
  Robin (D:3)
  20 gnolls
  11 adders
  5 white imps
  An ufetubus (D:5)
  3 worms
  2 dart slugs
  50 orcs
  9 bats
  9 endoplasms
  2 giant cockroaches
  14 goblins
  7 hobgoblins
  2 jackals (D:5)
  A quokka (D:4)
  10 ball pythons
  6 frilled lizards
  A goblin skeleton (D:11)
  A goblin zombie (D:11)
  A hobgoblin skeleton (D:11)
  3 hobgoblin zombies (D:11)
  20 kobolds
  An orc skeleton (D:11)
  12 orc zombies (D:11)
  A quokka zombie (D:5)
  3 rats
  A rat zombie (D:5)
418 creatures vanquished.

Vanquished Creatures (others)
  2 starspawn tentacles (Abyss:3)
2 creatures vanquished.

Grand Total: 420 creatures vanquished

Notes
Turn   | Place    | Note
-------+----------+-------------------------------------------
     0 | D:1      | arthad the Troll Shapeshifter began the quest for the Orb.
     0 | D:1      | Reached XP level 1. HP: 18/18 MP: 0/0
   107 | D:1      | Reached skill level 1 in Fighting
   184 | D:1      | Reached XP level 2. HP: 27/27 MP: 1/1
   618 | D:2      | Reached XP level 3. HP: 33/33 MP: 2/2
  1076 | D:3      | Noticed Natasha
  1087 | D:3      | Killed Natasha
  1088 | D:3      | Reached XP level 4. HP: 38/42 MP: 3/3
  1103 | D:3      | Identified the +1 helmet of the Fiddle {rN+}
  1103 | D:3      | Noticed Robin
  1110 | D:3      | Killed Robin
  1447 | D:3      | Found a snail-covered altar of Cheibriados.
  1447 | D:3      | Found a glowing golden altar of the Shining One.
  1540 | D:3      | Noticed Jessica
  1543 | D:3      | Killed Jessica
  1652 | D:3      | Noticed Natasha
  1682 | D:3      | Reached XP level 5. HP: 49/49 MP: 4/4
  1719 | D:3      | Killed Natasha
  1720 | D:3      | Reached skill level 4 in Unarmed Combat
  1905 | D:4      | Found a glowing drain.
  1918 | Sewer    | Entered a sewer
  1948 | Sewer    | Noticed Pargi
  1957 | Sewer    | Killed Pargi
  1958 | Sewer    | Reached XP level 6. HP: 59/59 MP: 5/5
  2393 | D:5      | Entered Level 5 of the Dungeon
  2407 | D:5      | Reached skill level 1 in Stealth
  2496 | D:5      | Got the Precepts of the Different Cwm
  2520 | D:5      | Found a sand-covered staircase.
  2533 | Ossuary  | Entered an ossuary
  2558 | Ossuary  | Reached XP level 7. HP: 59/67 MP: 6/6
  2576 | Ossuary  | Reached skill level 5 in Unarmed Combat
  2583 | Ossuary  | Gained mutation: You occasionally shout uncontrollably at
                  | your foes. [potion of mutation]
  2583 | Ossuary  | Gained mutation: You are clumsy. (Dex -2) [potion of
                  | mutation]
  2594 | Ossuary  | HP: 3/67 [hornet zombie (6)]
  2613 | Ossuary  | Reached skill level 5 in Shapeshifting
  2709 | Ossuary  | Reached XP level 8. HP: 77/78 MP: 7/7
  3017 | D:5      | Reached skill level 6 in Unarmed Combat
  3068 | D:5      | Found a staircase to the Ecumenical Temple.
  3080 | Temple   | Entered the Ecumenical Temple
  3146 | Temple   | Became a worshipper of Warmaster Okawaru
  3652 | D:6      | Found Osaa's Self-Published Books.
  3676 | D:6      | Noticed Edmund
  3685 | D:6      | Killed Edmund
  3800 | D:6      | Noticed Menkaure
  3804 | D:6      | Killed Menkaure
  3836 | D:6      | Noticed Maggie
  3839 | D:6      | Maggie changed into Maggie the acid dragon
  3839 | D:6      | Noticed Maggie
  3851 | D:6      | Killed Maggie the acid dragon
  3851 | D:6      | Reached * piety under Okawaru
  3852 | D:6      | Reached XP level 9. HP: 53/87 MP: 8/8
  4358 | D:7      | Reached skill level 5 in Fighting
  4401 | D:7      | Reached skill level 7 in Unarmed Combat
  4547 | D:7      | Reached ** piety under Okawaru
  4987 | D:8      | Noticed a troll
  4998 | D:8      | Killed a troll
  5072 | D:8      | Noticed a troll
  5073 | D:8      | Found a transporter.
  5195 | D:8      | Found a transporter.
  5217 | D:8      | Noticed a komodo dragon
  5232 | D:7      | Reached XP level 10. HP: 98/98 MP: 9/9
  5323 | D:8      | Reached skill level 8 in Unarmed Combat
  5337 | D:8      | Reached *** piety under Okawaru
  5352 | D:8      | Found a staircase to the Lair.
  5889 | D:8      | Noticed an oklob plant
  5964 | D:8      | Killed an oklob plant
  6016 | D:8      | Reached **** piety under Okawaru
  6195 | D:9      | Noticed Prince Ribbit
  6202 | D:9      | Reached skill level 5 in Dodging
  6208 | D:9      | Killed Prince Ribbit
  6707 | D:9      | Found Dusogg's Distillery.
  6712 | D:9      | Bought a potion of heal wounds for 80 gold pieces
  6712 | D:9      | Bought a potion of might for 64 gold pieces
  6712 | D:9      | Bought a potion of curing for 48 gold pieces
  6754 | D:9      | Noticed Joseph
  6759 | D:9      | Killed Joseph
  6760 | D:9      | Reached skill level 9 in Unarmed Combat
  7144 | D:10     | Entered Level 10 of the Dungeon
  7184 | D:10     | Found a flagged portal.
  7216 | D:10     | Reached XP level 11. HP: 88/107 MP: 10/10
  7239 | Bailey   | Entered a bailey
  7252 | Bailey   | Reached ***** piety under Okawaru
  7446 | Bailey   | Noticed an orc knight
  7447 | Bailey   | Reached skill level 1 in Armour
  7447 | Bailey   | Reached XP level 12. HP: 119/119 MP: 10/13
  7461 | Bailey   | Reached skill level 10 in Unarmed Combat
  7785 | D:10     | Identified the +7 spear "Uffam" {drain, rC- rN+ Dex+6}
  8299 | D:11     | Found a staircase to the Orcish Mines.
  8467 | D:11     | Noticed a tengu warrior
  8488 | D:11     | Killed a tengu warrior
  8997 | D:11     | Identified the scarf of Pathos {shadows, *Corrode rElec
                  | Str+6} (Okawaru gifted it to you on level 11 of the
                  | Dungeon)
  8997 | D:11     | Received a gift from Okawaru
  9005 | D:11     | Reached skill level 10 in Shapeshifting
  9362 | D:12     | Found a radiant altar of Vehumet.
  9371 | D:12     | Noticed a two-headed ogre
  9378 | D:12     | Killed a two-headed ogre
  9379 | D:12     | Reached skill level 11 in Unarmed Combat
  9653 | D:12     | Reached XP level 13. HP: 40/131 MP: 14/14
  9743 | D:12     | Found Ydaosm's Antique Armour Emporium.
  9746 | D:12     | Bought a shadowed robe for 205 gold pieces
  9746 | D:12     | Identified the +2 robe of the Catamount {Harm rElec MP+9
                  | Dex-5} (You bought it in a shop on level 12 of the Dungeon)
  9746 | D:12     | Bought a pitted scarf for 360 gold pieces
  9746 | D:12     | Identified the scarf of Honour {harm, rF+ Str+8 Int-2
                  | Stlth+} (You bought it in a shop on level 12 of the
                  | Dungeon)
  9886 | D:12     | Identified the +3 robe of Lilacs {rC+ Int+3 Dex-5 Stlth+}
 10617 | D:13     | Found a gate to the Vaults.
 10631 | D:13     | Reached ****** piety under Okawaru
 10740 | D:13     | Found Heroan's Pet Rocks.
 11210 | D:13     | Received a gift from Okawaru
 11808 | Abyss:3  | Found a corrupted altar of Lugonu.
 11808 | Abyss:3  | Cast into level 3 of the Abyss (a wizard)
 11959 | Abyss:3  | Identified the +0 robe "Hej Ilye" {rPois} (Okawaru gifted
                  | it to you on level 3 of the Abyss)
 11959 | Abyss:3  | Received a gift from Okawaru
 11989 | Abyss:3  | Noticed a starcursed mass
 11996 | Abyss:3  | Noticed an eidolon
 12032 | Abyss:3  | Found a corrupted altar of Lugonu.
 12200 | Abyss:3  | HP: 2/132 [ynoxinul/entropic shot (18)]
 12210 | Abyss:3  | Noticed a tentacled starspawn
 12300 | Abyss:3  | Reached skill level 5 in Stealth
 12320 | Abyss:3  | Reached skill level 12 in Unarmed Combat
 12342 | Abyss:3  | Noticed a tentacled starspawn
 12353 | Abyss:3  | Killed a tentacled starspawn
 12357 | Abyss:3  | HP: 6/133 [sixfirhy (3)]
 12357 | Abyss:3  | Slain by a sixfirhy

Illustrated notes

Levels and vault maps discovered:
D:1:      psy_arrival_dodecagon, layout_basic
D:2:      layout_basic, small_statue_intersection, st_stairs_1
D:3:      layout_basic, mainiacjoe_overflow_divided_tiny,
          guppyfry_early_lair_pool, uniq_natasha, uniq_robin, uniq_jessica
D:4:      layout_basic, gup_sewer_entry_bowl
D:5:      layout_rooms, minmay_temple_entry_sparse_star, serial_curves,
          eino_curves_02, eino_curves_01, eino_curves_01, enter_ossuary_4
D:6:      layout_basic, nicolae_custom_books, uniq_menkaure, uniq_maggie,
          uniq_edmund
D:7:      layout_rooms, grunt_decor_fettered
D:8:      gammafunk_beogh_shrine, layout_loops_ring,
          due_lair_maze_entry_diamond, introduction_to_nature_2
D:9:      layout_roguey, serial_shops, kennysheep_little_box,
          kennysheep_generic_room_10, uniq_prince_ribbit1, uniq_joseph
D:10:     layout_irregular_city, enter_bailey_6
D:11:     layout_rooms, zombieorc1_lemuel
D:12:     layout_basic, serial_shops, kennysheep_mini_moat, vehumet_crystals
D:13:     layout_layer_cave, david_vaults_2, serial_bayou_pond_d,
          guppyfry_shop_earth
D:14:     layout_long_grid, serial_bayou, serial_bayou_lagoon_b,
          serial_bayou_pond_d, serial_bayou_pond_d, serial_bayou_pond_b,
          serial_bayou_ford_a, serial_bayou_crossing
Temple:   mainiacjoe_temple_cubbyholes
Abyss:3:  base: D:7, dshaligram_kb_abyss_rune_zappy_water_cross,
          bh_abyss_xom_lugonu_altar, evilmike_abyss_exit_10

Skill      XL: |  1  2  3  4  5  6  7  8  9 10 11 12 13 |
---------------+----------------------------------------+-----
Fighting       | 1 2 3 4 6 7 9 |  9.8
Dodging        | 2 3 4 5 6 7 |  7.2
Unarmed Combat | 4 5 6 7 9 11 12 | 12.0
Shapeshifting  | 4 5 6 7 8 9 10 11 | 11.2
Stealth        | 1 2 3 4 5 |  5.0
Throwing       | 2 3 |  3.1
Armour         | 1 |  1.9
Invocations    | 3 4 |  4.2

Action                     |  1- 3 |  4- 6 |  7- 9 | 10-12 | 13-15 || total
---------------------------+-------+-------+-------+-------+-------++-------
  Melee: Unarmed           |    85 |   125 |   290 |   480 |   186 ||  1166
         Punch             |     2 |     1 |    15 |    26 |    20 ||    64
  Throw: Dart              |       |     3 |     4 |     6 |       ||    13
         Boomerang         |       |     2 |    19 |    62 |    14 ||    97
         Large rock        |       |       |       |       |     3 ||     3
 Invoke: Heroism           |       |       |       |     3 |     3 ||     6
         Finesse           |       |       |       |     1 |       ||     1
  Evoke: Wand              |       |       |     6 |     9 |     2 ||    17
    Use: Scroll            |       |     7 |       |     6 |     3 ||    16
         Potion            |       |       |    10 |     4 |     7 ||    21
   Stab: Distracted        |       |       |     1 |     1 |       ||     2
         Sleeping          |       |       |     1 |     2 |     2 ||     5
         Paralysed         |       |       |       |       |     1 ||     1
 Armour: Animal skin       |    41 |    38 |       |       |       ||    79
         Robe              |       |    42 |    97 |       |       ||   139
         Skin              |       |       |    18 |       |       ||    18
         Acid dragon scale |       |       |    90 |   392 |   140 ||   622
  Dodge: Dodged            |    30 |    67 |   110 |   337 |   157 ||   701

Table legend: (Time is in decaauts)
 A = Elapsed time spent in this place.
 B = Non-inter-level travel time spent in this place.
 C = Inter-level travel time spent in this place.
 D = Time resting spent in this place.
 E = Time spent auto-exploring this place.
 F = Levels seen in this place.
 G = Mean time per level.
                   A        B        C        D        E       F      G
               +--------+--------+--------+--------+--------+-----+--------+
         Total |  12172 |  11576 |    596 |    468 |   8188 |  19 |  640.6 |
       Dungeon |  10769 |  10269 |    500 |    343 |   7656 |  14 |  769.2 |
        Temple |    121 |     25 |     96 |      0 |      0 |   1 |  121.0 |
         Abyss |    515 |    515 |      0 |     68 |    191 |   1 |  515.0 |
         Sewer |     85 |     85 |      0 |      0 |     50 |   1 |   85.0 |
       Ossuary |    417 |    417 |      0 |     48 |    162 |   1 |  417.0 |
        Bailey |    263 |    263 |      0 |      9 |    129 |   1 |  263.0 |
               +--------+--------+--------+--------+--------+-----+--------+

Top non-repeatable levels by time:
    D:13: 1244 daAuts
    D:12: 1187 daAuts
     D:8: 1177 daAuts
    D:11: 1015 daAuts
     D:9: 987 daAuts
    D:10: 828 daAuts
     D:6: 818 daAuts
     D:3: 690 daAuts
     D:5: 625 daAuts
     D:1: 582 daAuts
     D:4: 568 daAuts
     D:7: 549 daAuts
 Abyss:3: 515 daAuts
     D:2: 462 daAuts
 Ossuary: 417 daAuts
